 Dungeon Crawl Stone Soup version 0.28-a0-1143-gcf6077d4cc (webtiles) character file.

Game seed: 1012592448629150807

30282 ducksouse the Basher (level 13, -7/122 HPs)
             Began as a Minotaur Fighter on Dec 13, 2021.
             Was an Elder of Wu Jian.
             Mangled by a tyrant leech (19 damage)
             ... on level 4 of the Lair of Beasts.
             The game lasted 00:53:30 (21854 turns).

ducksouse the Basher (Minotaur Fighter)            Turns: 21854, Time: 00:53:31

Health: -7/122     AC: 23    Str: 26    XL:     13   Next: 19%
Magic:  12/12      EV: 12    Int:  7    God:    Wu Jian [****..]
Gold:   1010       SH: 14    Dex: 17    Spells: 12/12 levels left

rFire   + . .      SeeInvis .   v - +2 mace (vorpal)
rCold   . . .      Faith    .   B - +1 kite shield
rNeg    . . .      Spirit   .   P - +6 chain mail of the Invisible Knives {*Corrode rElec Int+2 Dex+3}
rPois   .          Reflect  .   H - +0 hat of Boiling Hail {rElec rF+}
rElec   +          Harm     .   (no cloak)
rCorr   +          Rampage  .   j - +0 pair of gloves
Will    .....                   r - +1 pair of boots
Stlth   ..........              t - amulet of the acrobat
HPRegen 0.30/turn               p - +4 ring of evasion
MPRegen 0.13/turn               T - ring of the Jester {rCorr Str+4 Slay-3 Stlth+}

@: about to teleport, studying Long Blades
A: horns 2, retaliatory headbutt
a: Renounce Religion, Wall Jump, Serpent's Lash


You were on level 4 of the Lair of Beasts.
You worshipped Wu Jian.
Wu Jian was greatly pleased with you.
You visited 4 branches of the dungeon, and saw 16 of its levels.

You collected 1010 gold pieces.

Inventory:

Hand Weapons
 a - a +0 long sword
 l - a +1 hand axe of freezing
 n - a +2 rapier of protection
 v - a +2 vorpal mace (weapon)
 M - a +5 spear
Missiles
 d - 9 curare-tipped darts (quivered)
 L - 2 throwing nets
 R - 11 poisoned darts
Armour
 e - a +3 chain mail of fire resistance
 j - a +0 pair of gloves (worn)
 r - a +1 pair of boots (worn)
 B - a +1 kite shield (worn)
 H - the +0 hat of Boiling Hail (worn) {rElec rF+}
   (You found it on level 9 of the Dungeon)

   rF:        It protects you from fire.
   rElec:     It insulates you from electricity.
 P - the +6 chain mail of the Invisible Knives (worn) {*Corrode rElec Int+2 Dex+3}
   (You found it on level 1 of the Lair of Beasts)

   Int:       It affects your intelligence (+2).
   Dex:       It affects your dexterity (+3).
   rElec:     It insulates you from electricity.
   *Corrode:  It may corrode you when you take damage.
Jewellery
 i - a ring of flight
 p - a +4 ring of evasion (left hand)
 t - an amulet of the acrobat (around neck)
 G - a +4 ring of evasion
 Q - a ring of protection from fire
 T - the ring of the Jester (right hand) {rCorr Str+4 Slay-3 Stlth+}
   (You found it on level 1 of the Lair of Beasts)

   [ring of resist corrosion]

   Str:       It affects your strength (+4).
   Slay:      It affects your accuracy & damage with ranged weapons and melee
   (-3).
   rCorr:     It protects you from acid and corrosion.
   Stlth:     It makes you more stealthy.
 W - an amulet of reflection
 X - a ring of magical power
Wands
 b - a wand of flame (13)
 o - a wand of digging (3)
 A - a wand of paralysis (6)
 C - a wand of iceblast (7)
 N - a wand of acid (1)
 S - a wand of charming (5)
Scrolls
 c - a scroll of teleportation
 f - a scroll of blinking
 g - 2 scrolls of fear
 m - a scroll of torment
 q - 2 scrolls of amnesia
 x - a scroll of fog
Potions
 h - a potion of attraction {unknown}
 k - 2 potions of ambrosia {unknown}
 s - a potion of brilliance {unknown}
 u - 4 potions of lignification
 E - 2 potions of flight {unknown}
 F - a potion of magic {unknown}
 I - 2 potions of mutation {unknown}
 J - a potion of cancellation {unknown}
Miscellaneous
 K - a box of beasts (inert)


   Skills:
 + Level 13.3 Fighting
 - Level 3.2(3.9) Short Blades
 - Level 3.6(4.3) Long Blades
 - Level 0.5(9.5) Axes
 + Level 14.1 Maces & Flails
 + Level 4.0 Polearms
 + Level 13.3 Armour
 + Level 13.3 Shields


You had 12 spell levels left.
You didn't know any spells.
Your spell library contained the following spells:

 Spells                   Type           Power      Damage    Failure   Level
 Foxfire                  Conj/Fire      0%         2x1d4     93%         1
 Shock                    Conj/Air       0%         1d3       93%         1
 Blink                    Tloc           0%         N/A       98%         2
 Ensorcelled Hibernation  Hex/Ice        0%         N/A       98%         2
 Static Discharge         Conj/Air       0%         N/A       98%         2
 Conjure Flame            Conj/Fire      0%         6-21      100%        3
 Gell's Gravitas          Tloc           0%         N/A       100%        3
 Inner Flame              Hex/Fire       0%         N/A       100%        3
 Lesser Beckoning         Tloc           0%         N/A       100%        3
 Spider Form              Tmut/Pois      0%         N/A       100%        3
 Summon Guardian Golem    Hex/Summ       0%         N/A       100%        3
 Teleport Other           Tloc           0%         N/A       100%        3
 Flame Wave               Conj/Fire      0%         2d4       100%        4
 Hailstorm                Conj/Ice       0%         3d3       100%        4
 Ice Form                 Ice/Tmut       0%         N/A       100%        4
 Lightning Bolt           Conj/Air       0%         1d11      100%        5
 Manifold Assault         Tloc           0%         N/A       100%        5
 Dispersal                Tloc           0%         N/A       100%        6
 Simulacrum               Ice/Necr       0%         N/A       100%        6
 Orb of Destruction       Conj           0%         N/A       100%        7
 Spellforged Servitor     Conj/Summ      0%         N/A       100%        7
 Maxwell's Capacitive Co  Air            0%         ∞         100%        8


Dungeon Overview and Level Annotations

Branches:
Dungeon (10/15)            Temple (1/1) D:5            Lair (4/6) D:8
  Swamp (1/4) Lair:4       Spider (0/4) Lair:3
    Orc: D:9-12

Altars:
Ashenzari
Cheibriados
Dithmenos
Elyvilon
Fedhas
Gozag
Hepliaklqana
Kikubaaqudgha
Makhleb
Nemelex Xobeh
Okawaru
Qazlal
Ru
Sif Muna
Trog
Uskayaw
Vehumet
Wu Jian
Xom
Yredelemnul
Zin
The Shining One

Shops:
D:1 =


Innate Abilities, Weirdness & Mutations

You have a pair of horns on your head.
You reflexively headbutt those who attack you in melee.


Message History

You furiously retaliate!
You headbutt the tyrant leech, but do no damage.
You sock the alligator! You headbutt the alligator!
The alligator is moderately wounded.
The alligator bites you! You block the alligator's attack.
The alligator bites you.
The alligator tail-slaps you but does no damage.
A goliath frog comes into view.
You hit the alligator but do no damage.
You headbutt the alligator, but do no damage.
The alligator is moderately wounded.
The tyrant leech bites you!!
The tyrant leech draws strength from your injuries!
You block the alligator's attack. x2; The alligator bites you!
The alligator tail-slaps you but does no damage.
The alligator bites you! You block the alligator's attack. x2
The alligator tail-slaps you but does no damage.
The tyrant leech bites you but does no damage.
You climb upwards.
Welcome back to the Lair of Beasts!
There is a staircase to the Swamp here.
You sock the alligator!
The alligator is moderately wounded.
You block the alligator's attack. The alligator barely misses you.
You closely miss the alligator.
The alligator is moderately wounded.
The tyrant leech bites you!
* * * LOW HITPOINT WARNING * * *
The tyrant leech draws strength from your injuries!
The alligator bites you!
* * * LOW HITPOINT WARNING * * *
The alligator closely misses you.
As you read the scroll of teleportation, it crumbles to dust.
You feel strangely unstable. The alligator misses you. You furiously retaliate!
You headbutt the alligator. You block the alligator's attack.
You block the tyrant leech's attack.
You barely miss the tyrant leech. Your headbutt misses the tyrant leech.
You block the alligator's attack. The alligator tail-slaps you.
* * * LOW HITPOINT WARNING * * *
The tyrant leech bites you!!
You die...

.........♣≈≈≈≈♣§§÷..§§§♣♣........
.........♣≈≈≈≈♣§.§♣≈≈§§§♣........
.........♣≈≈≈≈♣.♣♣♣≈≈§§§♣♣.......
.........♣≈≈≈≈.§♣♣♣§§≈♣§§♣.......
.........♣≈≈≈...♣♣§≈§§♣§§♣.......
######.#...≈≈..♣♣≈§§§§§§§♣.......
.##.#.##...≈♣.♣♣t≈.§§§§.♣♣P###.##
......##.♣.♣♣♣♣♣tw♣§§♣.§♣♣######
.........♣♣♣♣ ♣@♣♣♣♣♣♣♣♣#♣#.####
......#...♣<♣ ♣♣♣♣♣.♣ #♣.#......#
.......#....# ♣.....###....P...P#
......#.....###......#...#P....##
#......P....##P.....###..........
#...........##......# #.....#..##
##....#......##<...####..#.##.P##
.##.#..#.....#†+...###...#....###
.................................


You could see 2 alligators and a tyrant leech.

Vanquished Creatures
  The ghost of Omnamae the Cleaver, a journeyman MiBe of Trog (Lair:3)
  4 hydras
  A catoblepas (Lair:3)
  A two-headed ogre (D:9)
  Nergalle (Lair:1)
  A swamp dragon (Swamp:1)
  A wolf spider (Lair:3)
  8 elephants
  A will-o-the-wisp (Swamp:1)
  4 black mambas (Lair:1)
  Maurice (D:9)
  9 cane toads
  An unseen horror (D:9)
  8 komodo dragons
  3 trolls
  12 blink frogs
  A hornet (D:8)
  A vampire (D:9)
  19 yaks
  2 wyverns
  4 basilisks
  3 steam dragons
  Grum (D:9)
  4 swamp worms (Lair:4)
  13 water moccasins
  2 orc warriors
  A sky beast (D:7)
  An ice beast (D:5)
  3 black bears
  A hornet zombie (D:7)
  A necrophage (D:5)
  An ogre (D:7)
  21 wolves
  2 centaurs
  14 bullfrogs
  2 scorpions (D:5)
  A water moccasin zombie (D:5)
  A wyvern skeleton (D:7)
  4 wights (D:9)
  6 centaur zombies
  A bullfrog zombie (D:6)
  3 jellies
  A hound (D:4)
  2 bullfrog skeletons (D:5)
  2 gnoll shamans
  4 orc priests
  An iguana (D:4)
  9 orc wizards
  8 hell rats (Lair:1)
  2 killer bee zombies
  6 adders
  13 gnolls
  2 river rats (Lair:1)
  3 white imps
  3 dart slugs
  30 orcs
  12 endoplasms
  4 giant cockroaches
  10 goblins
  13 hobgoblins
  8 jackals
  8 quokkas
  7 ball pythons
  4 bats
  A frilled lizard (D:3)
  7 kobolds
  11 rats
  A butterfly (D:5)
342 creatures vanquished.

Vanquished Creatures (collateral kills)
  A centaur zombie (D:10)
  2 orcs (D:10)
3 creatures vanquished.

Vanquished Creatures (others)
  4 foxfires (Swamp:1)
  35 fungi
  25 plants
  4 toadstools (D:8)
68 creatures vanquished.

Grand Total: 413 creatures vanquished

Notes
Turn   | Place    | Note
-------+----------+-------------------------------------------
     0 | D:1      | ducksouse the Minotaur Fighter began the quest for the Orb.
     0 | D:1      | Reached XP level 1. HP: 19/19 MP: 0/0
   103 | D:1      | Reached XP level 2. HP: 20/27 MP: 1/1
   316 | D:1      | Found Siqie's Jewellery Boutique.
   515 | D:1      | Reached XP level 3. HP: 33/33 MP: 2/2
  1556 | D:2      | Reached XP level 4. HP: 15/41 MP: 3/3
  2016 | D:2      | Found a faded altar of an unknown god.
  2025 | D:2      | Got Plato's Almanac of Lightness
  2823 | D:3      | Reached XP level 5. HP: 47/47 MP: 4/4
  3481 | D:4      | Reached skill level 5 in Fighting
  3534 | D:4      | Reached skill level 1 in Short Blades
  3534 | D:4      | Reached skill level 5 in Armour
  3534 | D:4      | Reached skill level 5 in Shields
  3706 | D:4      | Reached XP level 6. HP: 42/56 MP: 5/5
  3880 | D:4      | Identified a scroll of acquirement
  3881 | D:4      | Acquired a +3 chain mail of fire resistance
  4391 | D:5      | Entered Level 5 of the Dungeon
  4433 | D:5      | Noticed an ice beast
  4446 | D:5      | Killed an ice beast
  4550 | D:5      | Reached XP level 7. HP: 54/62 MP: 6/6
  4653 | D:5      | Found a hazy altar of Hepliaklqana.
  4657 | D:5      | Found a blossoming altar of Fedhas.
  4657 | D:5      | Found a basalt altar of Yredelemnul.
  4658 | D:5      | Found a shimmering altar of Xom.
  4658 | D:5      | Found an ornate altar of the Wu Jian Council.
  4658 | D:5      | Found a sacrificial altar of Ru.
  4702 | D:5      | Became a worshipper of the Wu Jian Council
  4921 | D:5      | Found a staircase to the Ecumenical Temple.
  4958 | Temple   | Entered the Ecumenical Temple
  5069 | D:5      | Reached skill level 1 in Maces & Flails
  5180 | D:5      | Reached skill level 2 in Maces & Flails
  5642 | D:5      | Reached XP level 8. HP: 64/71 MP: 7/7
  5719 | D:5      | Reached skill level 3 in Maces & Flails
  6150 | D:6      | Found a hide-covered altar of Uskayaw.
  6150 | D:6      | Found a bloodstained altar of Trog.
  6632 | D:6      | Found a sparkling altar of Nemelex Xobeh.
  6654 | D:6      | Reached skill level 4 in Maces & Flails
  6870 | D:7      | Found a glowing silver altar of Zin.
  6870 | D:7      | Found a burning altar of Makhleb.
  6871 | D:7      | Noticed a green death
  6871 | D:7      | Noticed an angel
  7014 | D:7      | Found a shadowy altar of Dithmenos.
  7078 | D:7      | Found a broken altar of Ashenzari.
  7135 | D:7      | Reached skill level 5 in Maces & Flails
  7364 | D:7      | Reached * piety under Wu Jian
  7899 | D:8      | Found a staircase to the Lair.
  8010 | D:8      | Reached skill level 6 in Maces & Flails
  8123 | D:8      | Noticed a hornet
  8127 | D:8      | Killed a hornet
  8128 | D:8      | Reached XP level 9. HP: 80/80 MP: 8/8
  8741 | D:9      | Noticed Grum
  8755 | D:8      | Reached skill level 7 in Maces & Flails
  8974 | D:9      | Killed Grum
  8994 | D:9      | Identified the +0 hat of Boiling Hail {rElec rF+}
  9070 | D:9      | Reached skill level 8 in Maces & Flails
  9107 | D:9      | Noticed a troll
  9128 | D:9      | Killed a troll
  9352 | D:9      | Reached XP level 10. HP: 52/90 MP: 9/9
  9358 | D:9      | Reached ** piety under Wu Jian
  9359 | D:9      | Reached skill level 9 in Maces & Flails
  9482 | D:9      | Noticed a two-headed ogre
  9495 | D:10     | Entered Level 10 of the Dungeon
 10354 | D:9      | Killed a two-headed ogre
 10355 | D:9      | Reached skill level 10 in Maces & Flails
 10778 | D:9      | Noticed Maurice
 10791 | D:9      | Killed Maurice
 11071 | D:9      | Reached skill level 10 in Fighting
 11615 | D:10     | Reached skill level 11 in Maces & Flails
 11615 | D:10     | Reached skill level 10 in Shields
 11623 | D:10     | Reached skill level 10 in Armour
 11641 | D:10     | Reached XP level 11. HP: 53/99 MP: 10/10
 12038 | Lair:1   | Entered Level 1 of the Lair of Beasts
 12054 | Lair:1   | Identified the +6 chain mail of the Invisible Knives
                  | {*Corrode rElec Int+2 Dex+3}
 12217 | Lair:1   | Noticed a six-headed hydra
 12227 | Lair:1   | Killed a six-headed hydra
 12228 | Lair:1   | Reached skill level 12 in Maces & Flails
 12307 | Lair:1   | Noticed a five-headed hydra
 12318 | Lair:1   | Killed a five-headed hydra
 12667 | Lair:1   | Reached *** piety under Wu Jian
 12915 | Lair:1   | Identified the ring of the Jester {rCorr Str+4 Slay-3
                  | Stlth+}
 13482 | Lair:2   | Noticed Nergalle
 13492 | Lair:2   | Noticed a seven-headed hydra
 13507 | Lair:1   | Killed Nergalle
 13527 | Lair:2   | Killed a seven-headed hydra
 13528 | Lair:2   | Reached skill level 13 in Maces & Flails
 14409 | Lair:2   | Reached XP level 12. HP: 100/110 MP: 11/11
 14510 | Lair:2   | You fall into a shaft and drop 1 floor!
 14805 | Lair:3   | Found a large runed translucent door.
 14805 | Lair:3   | Found a large runed translucent door.
 14840 | Lair:3   | Reached **** piety under Wu Jian
 15281 | Lair:3   | Noticed a catoblepas
 15295 | Lair:3   | Killed a catoblepas
 16040 | Lair:3   | Found a hole to the Spider Nest.
 16664 | Lair:3   | Noticed Omnamae's ghost (journeyman MiBe)
 16746 | Lair:3   | Killed Omnamae's ghost
 17757 | Lair:4   | Reached skill level 1 in Polearms
 18682 | Lair:4   | Reached XP level 13. HP: 61/122 MP: 12/12
 20565 | Lair:3   | Reached skill level 14 in Maces & Flails
 21222 | Lair:4   | Found a staircase to the Swamp.
 21443 | Swamp:1  | Entered Level 1 of the Swamp
 21854 | Lair:4   | Mangled by a tyrant leech

Illustrated notes

Levels and vault maps discovered:
D:1:      onia_arrival_pentagram, layout_basic, serial_shops,
          nicolae_square_shop, minmay_tetromino_o2
D:2:      layout_basic, shapermc_ecumenical_altar_rom_forum
D:3:      layout_loops_ring
D:4:      layout_cave_pods, grunt_ministairs_14, minmay_close_crescents
D:5:      layout_loops_corners, grunt_temple_overflow_open,
          minmay_temple_entry_butterflies, minmay_small_thing
D:6:      layout_cave_pools, mainiacjoe_overflow_brackets,
          gammafunk_temple_overflow_elements
D:7:      layout_loops_ring, grunt_temple_overflow_order_and_chaos_2,
          mainiacjoe_overflow_large_starburst, serial_co_window_serial,
          co_window_paths_b, co_window_paths_b, co_window_paths_b,
          co_window_of_opportunity_a, co_window_corner_a, co_window_broadway_b,
          co_window_paths_c, co_window_broadway_b, co_window_corner_ca,
          co_window_corner_b, co_window_2corner, glass_columns_c,
          glass_columns_a, glass_columns_a, glass_columns_b, glass_columns_a,
          serial_park_tiny_1
D:8:      layout_basic, lair_entry_dummy, hangedman_abyss_or_decor_passed,
          minmay_gold_behind_fungi, supply_closet_lemuel
D:9:      layout_irregular_city, grunt_ministairs_14, uniq_grum, uniq_maurice
D:10:     layout_basic, hangedman_decor_lopped, palyth_stone_intersect,
          chequers_garden
Temple:   compressed_dpeg_triangle_lava_temple
Lair:1:   layout_chaotic_city, kennysheep_abandoned_house
Lair:2:   layout_long_grid, serial_bayou_pond_e, st_stairs_5,
          grunt_megastairs_4, uniq_nergalle
Lair:3:   layout_cave_pods, spider_nest_entry_rubble,
          ebering_ghost_disaster_area, patterned_corridor
Lair:4:   layout_regular_city, palyth_hydra_swamp_entry, fungi_pond_lemuel,
          minmay_holes
Swamp:1:  layout_basic_swamp, evilmike_swamp_ruin_house_4, swamp_pool5

Skill      XL: |  1  2  3  4  5  6  7  8  9 10 11 12 13 |
---------------+----------------------------------------+-----
Armour         | 4 5 6 7 8 10 11 13 | 13.3
Shields        | 4 5 6 7 8 10 11 13 | 13.3
Fighting       | 4 5 6 7 8 10 11 13 | 13.3
Long Blades    | 3 |  3.6
Short Blades   | 1 2 3 |  3.2
Maces & Flails | 2 6 8 11 13 14 | 14.1
Polearms       | 2 4 |  4.0
Axes           | |  0.5

Action                   |  1- 3 |  4- 6 |  7- 9 | 10-12 | 13-15 || total
-------------------------+-------+-------+-------+-------+-------++-------
Melee: Long sword        |    82 |    52 |       |       |       ||   134
       Headbutt          |     7 |    27 |    82 |   287 |    53 ||   456
       Hand axe          |       |    20 |       |       |       ||    20
       Rapier            |       |    82 |    27 |       |       ||   109
       Mace              |       |       |   321 |   717 |    93 ||  1131
       Spear             |       |       |       |   177 |    55 ||   232
Throw: Dart              |       |       |       |     3 |     4 ||     7
Invok: Lunge             |       |       |    18 |    19 |     2 ||    39
       Whirlwind         |       |       |     9 |    90 |     9 ||   108
       Serpent's Lash    |       |       |       |     1 |     1 ||     2
Evoke: Wand              |       |       |     2 |    24 |     3 ||    29
       Box of beasts     |       |       |       |     1 |       ||     1
  Use: Scroll            |       |     4 |     4 |     8 |     9 ||    25
       Potion            |       |       |       |    15 |     2 ||    17
 Stab: Distracted        |       |       |       |       |     1 ||     1
Armor: Scale mail        |    29 |    66 |       |       |       ||    95
       Chain mail        |       |    14 |   242 |   332 |    92 ||   680
       Skin              |       |       |       |    44 |     2 ||    46
Dodge: Dodged            |    36 |    57 |   159 |   434 |    81 ||   767
Block: Buckler           |    26 |    39 |    40 |       |       ||   105
       Kite shield       |       |       |   131 |   600 |   120 ||   851

Table legend: (Time is in decaauts)
 A = Elapsed time spent in this place.
 B = Non-inter-level travel time spent in this place.
 C = Inter-level travel time spent in this place.
 D = Time resting spent in this place.
 E = Time spent auto-exploring this place.
 F = Levels seen in this place.
 G = Mean time per level.
                   A        B        C        D        E       F      G
               +--------+--------+--------+--------+--------+-----+--------+
         Total |  21857 |  21011 |    846 |   6157 |  10197 |  16 | 1366.1 |
       Dungeon |  12060 |  11485 |    575 |   1976 |   7025 |  10 | 1206.0 |
        Temple |     91 |     91 |      0 |      0 |      0 |   1 |   91.0 |
          Lair |   9676 |   9405 |    271 |   4181 |   3172 |   4 | 2419.0 |
         Swamp |     28 |     28 |      0 |      0 |      0 |   1 |   28.0 |
               +--------+--------+--------+--------+--------+-----+--------+

Top non-repeatable levels by time:
  Lair:3: 3685 daAuts
  Lair:4: 2485 daAuts
  Lair:2: 2063 daAuts
     D:9: 1684 daAuts
     D:5: 1646 daAuts
  Lair:1: 1443 daAuts
    D:10: 1390 daAuts
     D:1: 1361 daAuts
     D:2: 1333 daAuts
     D:7: 1126 daAuts
     D:8: 1124 daAuts
     D:4: 1003 daAuts
     D:3: 735 daAuts
     D:6: 654 daAuts
  Temple: 91 daAuts
